 Dungeon Crawl Stone Soup version 0.30-a0-586-g23e55c9e0a (webtiles) character file.

Game seed: 312657836381956561

1080 IdlyInterested the Fighter (level 8, 0/67 (71) HPs)
             Began as a Demonspawn Fighter on Jan 3, 2023.
             Slain by a wight
             ... wielding a +0 long sword
              (8 damage)
             ... on level 5 of the Dungeon.
             The game lasted 00:14:33 (3992 turns).

IdlyInterested the Fighter (Demonspawn Fighter)     Turns: 3992, Time: 00:14:34

HP:   0/67 (71)     AC: 16    Str: 17    XL:     8   Next: 8%
MP:   8/8           EV:  7    Int:  9    God:
Gold: 276           SH:  5    Dex: 15    Spells: 7/7 levels left

rFire   . . .      SeeInvis .    E - +0 broad axe
rCold   . . .      Faith    .    c - +0 buckler
rNeg    . . .      Spirit   .    F - +0 chain mail
rPois   .          Reflect  .    B - +0 helmet
rElec   .          Harm     .    (no cloak)
rCorr   +          Rampage  .    (no gloves)
Will    .....                    (boots unavailable) Stlth
                                 (no amulet)
HPRegen 0.31/turn                p - +4 ring of protection
MPRegen 0.11/turn                m - ring of resist corrosion

@: hasted, drained, very quick
A: hooves 3, icy blue scales 1, powered by pain 2
a: no special abilities


You were on level 5 of the Dungeon.
You visited 1 branch of the dungeon, and saw 5 of its levels.
You also visited: Ossuary.

You collected 276 gold pieces.

Inventory:

Hand Weapons
 a - a +0 flail
 d - a +0 morningstar
 e - a +1 dagger of protection
 f - a +0 short sword
 k - a +5 flail of holy wrath
 u - a +2 flail of protection
 E - a +0 broad axe (weapon)
Missiles
 g - 34 stones (quivered)
 v - 14 poisoned darts
Armour
 b - a +0 scale mail
 c - a +0 buckler (worn)
 j - a +0 leather armour
 B - a +0 helmet (worn)
 F - a +0 chain mail (worn)
Magical Staves
 t - a staff of earth
Jewellery
 m - a ring of resist corrosion (right hand)
 p - a +4 ring of protection (left hand)
Wands
 I - a wand of mindburst (17)
Scrolls
 r - 2 scrolls of enchant armour {unknown}
 s - a scroll of magic mapping {unknown}
 w - a scroll of immolation
 y - 2 scrolls of vulnerability {unknown}
 z - a scroll of enchant weapon {unknown}
 C - 2 scrolls of teleportation {unknown}
 D - a scroll of fog
 G - 2 scrolls of poison {unknown}
 J - 2 scrolls of identify
 K - a scroll of noise {unknown}
Potions
 h - a potion of haste
 i - 3 potions of flight
 l - 5 potions of lignification
 n - 2 potions of brilliance
 o - a potion of mutation
 q - 5 potions of curing
 x - a potion of might
 A - a potion of cancellation


   Skills:
 * Level 9.1 Fighting
 - Level 1.7 Maces & Flails
 - Level 1.0 Throwing
 - Level 3.0 Armour
 * Level 2.7 Dodging
 - Level 3.0 Shields


You had 7 spell levels left.
You didn't know any spells.
Your spell library contained the following spells:

 Spells                   Type           Power      Damage    Failure   Level
 Slow                     Hex            0%         N/A       100%        1
 Confusing Touch          Hex            0%         N/A       100%        3
 Dazzling Flash           Conj/Hex       0%         N/A       100%        3
 Vampiric Draining        Necr           0%         2d6       100%        3
 Iskenderun's Mystic Bla  Conj/Tloc      0%         2d3       100%        4
 Starburst                Conj/Fire      0%         6d3       100%        6


Dungeon Overview and Level Annotations

Branches:
Dungeon (5/15)            Ossuary (visited)
 Temple: D:4-7

Altars:
Gozag
Okawaru
Xom


Innate Abilities, Weirdness & Mutations

You have hooves in place of feet.
You are partially covered in icy blue scales. (AC +2)
You sometimes gain power by taking damage.


Message History

You slash the gnoll sergeant!
The gnoll sergeant is severely wounded.
You hit the gnoll sergeant but do no damage.
You block the gnoll sergeant's attack.
The gnoll sergeant hits you but does no damage.
You slash the gnoll sergeant!
You kill the gnoll sergeant!
You closely miss the gnoll sergeant.
The gnoll sergeant hits you with a +0 trident.
Your Fighting skill increases to level 9!
The wight blocks your attack.
You barely miss the gnoll sergeant. The wight hits you but does no damage.
The gnoll sergeant hits you with a +0 trident!
* * * LOW HITPOINT WARNING * * *
You are confused.
You feel invigorated.
The wight hits you with a +0 long sword!
* * * LOW HITPOINT WARNING * * *
You feel drained.
The gnoll sergeant hits you but does no damage.
You hit the wight. Your kick misses the wight.
The wight is lightly damaged.
You closely miss the gnoll sergeant. The white imp gestures at you.
The puff of frost hits you.
* * * LOW HITPOINT WARNING * * *
The gnoll sergeant barely misses you.
You bump into the rock wall.
The wight hits you with a +0 long sword.
* * * LOW HITPOINT WARNING * * *
You feel drained.
* * * LOW HITPOINT WARNING * * *
The wight hits you but does no damage.
The gnoll sergeant hits you with a +0 trident.
* * * LOW HITPOINT WARNING * * *
You closely miss the wight. You hit the wight but do no damage.
You closely miss the gnoll sergeant.
You feel less invigorated.
You feel less confused.
The wight hits you with a +0 long sword!
You die...

##.##......#.#####.....###
##...##.....#...#....####
#.....##...#<........###
#####'#####..##.#...#....##
.........)....#.....##....#
#####..#.....##...........#
##....................#
##...##.##...####..###
.........##@z# #.##
..........##zg# #..
..........o.o5z# ....
..........z....# ##....
....$...## #..... .........
#...... 5###...). .#)#.....
.###...###


You could see an orc warrior, a gnoll sergeant, 3 wights and a white imp.

Vanquished Creatures
  Sigmund (D:3)
  A wraith (Ossuary)
  Edmund (D:4)
  An ogre (D:4)
  A gnoll sergeant (D:5)
  A scorpion (D:4)
  A howler monkey (D:4)
  A gnoll bouda (D:4)
  A hound (D:4)
  Natasha (thrice) (D:4)
  2 mummies
  Robin (D:3)
  3 gnolls (D:4)
  10 adders
  3 dart slugs
  8 orcs
  6 ball pythons
  A bat (D:2)
  7 endoplasms
  4 giant cockroaches
  12 hobgoblins
  3 jackals (D:2)
  2 quokkas
  4 frilled lizards
  5 gnoll skeletons (Ossuary)
  14 goblins
  7 kobolds
  7 kobold skeletons (Ossuary)
  13 orc skeletons (Ossuary)
  9 rats
133 creatures vanquished.

Notes
Turn   | Place    | Note
-------+----------+-------------------------------------------
     0 | D:1      | IdlyInterested the Demonspawn Fighter began the quest for
                  | the Orb.
     0 | D:1      | Reached XP level 1. HP: 18/18 MP: 1/1
   631 | D:1      | Gained mutation: You have large cloven feet. [demonic
                  | ancestry]
   631 | D:1      | Reached XP level 2. HP: 24/24 MP: 2/2
   913 | D:1      | You fall into a shaft and drop 1 floor!
  1127 | D:2      | Reached skill level 1 in Dodging
  1183 | D:2      | Gained mutation: You sometimes gain a little power by
                  | taking damage. [demonic ancestry]
  1183 | D:2      | Reached XP level 3. HP: 25/30 MP: 3/3
  1235 | D:2      | Reached skill level 4 in Fighting
  1377 | D:2      | Found an opulent altar of Gozag.
  1506 | D:2      | Gained mutation: You have hoof-like feet. [demonic
                  | ancestry]
  1506 | D:2      | Reached XP level 4. HP: 38/38 MP: 4/4
  1724 | D:2      | Reached skill level 1 in Throwing
  1824 | D:3      | Reached skill level 5 in Fighting
  1843 | D:3      | Noticed Sigmund
  1850 | D:3      | Killed Sigmund
  1851 | D:3      | Reached skill level 6 in Fighting
  1851 | D:3      | Gained mutation: You are partially covered in icy blue
                  | scales. (AC +2) [demonic ancestry]
  1851 | D:3      | Reached XP level 5. HP: 34/46 MP: 5/5
  1851 | D:3      | Gained mutation: You have hooves in place of feet. [demonic
                  | ancestry]
  1851 | D:3      | Reached XP level 6. HP: 38/52 MP: 6/6
  1942 | D:3      | Found a faded altar of an unknown god.
  2270 | D:3      | Noticed Robin
  2278 | D:3      | Killed Robin
  2572 | D:4      | Noticed Edmund
  2584 | D:4      | Killed Edmund
  2585 | D:4      | Reached skill level 7 in Fighting
  2688 | D:4      | Found a shimmering altar of Xom.
  2708 | D:4      | Reached XP level 7. HP: 60/60 MP: 7/7
  2768 | D:4      | Noticed Natasha
  2778 | D:4      | Killed Natasha
  2781 | D:4      | Reached skill level 8 in Fighting
  2948 | D:4      | Found an opulent altar of Gozag.
  3035 | D:4      | Found an iron altar of Okawaru.
  3058 | D:4      | Noticed Natasha
  3067 | D:4      | Killed Natasha
  3148 | D:4      | Noticed Natasha
  3156 | D:4      | Killed Natasha
  3452 | D:5      | Entered Level 5 of the Dungeon
  3469 | D:5      | Found a sand-covered staircase.
  3481 | Ossuary  | Entered an ossuary
  3481 | Ossuary  | Noticed a wraith
  3481 | Ossuary  | Noticed a wraith
  3481 | Ossuary  | Noticed a wraith
  3690 | Ossuary  | Noticed a wraith
  3721 | Ossuary  | Killed a wraith
  3722 | Ossuary  | Gained mutation: You sometimes gain power by taking damage.
                  | [demonic ancestry]
  3722 | Ossuary  | Reached XP level 8. HP: 15/70 MP: 8/8
  3988 | D:5      | Reached skill level 9 in Fighting
  3991 | D:5      | HP: 3/67 [gnoll sergeant/+0 trident (1)]
  3992 | D:5      | Slain by a wight

Illustrated notes

Levels and vault maps discovered:
D:1:      dpeg_arrival_line_fractal, layout_loops_corners, minmay_heptomino_o4
D:2:      layout_rooms, basic_altar
D:3:      layout_basic, hellmonk_ecumenical_altar_blasted, uniq_sigmund,
          uniq_robin
D:4:      layout_cave_pools, lemuel_tele_altar,
          mainiacjoe_overflow_large_starburst, kennysheep_nondescript,
          uniq_natasha, uniq_edmund
D:5:      layout_cave_pools, gup_ossuary_entry_pyramid, sword_in_stone

Skill      XL: |  1  2  3  4  5  6  7  8 |
---------------+-------------------------+-----
Dodging        | 1 2 |  2.7
Fighting       | 4 6 7 8 9 |  9.1
Throwing       | 1 |  1.0
Armour         | 3 |  3.0
Shields        | 3 |  3.0
Maces & Flails | |  1.7

Action                   |  1- 3 |  4- 6 |  7- 9 || total
-------------------------+-------+-------+-------++-------
Melee: Flail             |   113 |    34 |       ||   147
       Kick              |    12 |    23 |    26 ||    61
       Morningstar       |       |    62 |    13 ||    75
       Broad axe         |       |    15 |    91 ||   106
Throw: Stone             |       |       |     1 ||     1
  Use: Scroll            |     6 |     1 |     4 ||    11
       Potion            |       |     2 |     3 ||     5
Armor: Scale mail        |    35 |    71 |       ||   106
       Leather armour    |    23 |       |       ||    23
       Chain mail        |       |       |    93 ||    93
Dodge: Dodged            |    65 |    54 |    45 ||   164
Block: Buckler           |    31 |    14 |    32 ||    77

Table legend: (Time is in decaauts)
 A = Elapsed time spent in this place.
 B = Non-inter-level travel time spent in this place.
 C = Inter-level travel time spent in this place.
 D = Time resting spent in this place.
 E = Time spent auto-exploring this place.
 F = Levels seen in this place.
 G = Mean time per level.
                   A        B        C        D        E       F      G
               +--------+--------+--------+--------+--------+-----+--------+
         Total |   4166 |   3813 |    353 |    593 |   1778 |   6 |  694.3 |
       Dungeon |   3686 |   3333 |    353 |    329 |   1778 |   5 |  737.2 |
       Ossuary |    480 |    480 |      0 |    264 |      0 |   1 |  480.0 |
               +--------+--------+--------+--------+--------+-----+--------+

Top non-repeatable levels by time:
     D:1: 1214 daAuts
     D:4: 889 daAuts
     D:3: 849 daAuts
     D:2: 625 daAuts
 Ossuary: 480 daAuts
     D:5: 106 daAuts
